 Dungeon Crawl Stone Soup version 0.31-a0-536-ga3e2962e35 (webtiles) character file.

Game seed: 11548703108170990411

51 Ethylacetat the Ducker (level 3, -8/25 HPs)
             Began as an Octopode Gladiator on Aug 13, 2023.
             Mangled by a gnoll
             ... wielding a +0 halberd
              (10 damage)
             ... on level 2 of the Dungeon.
             The game lasted 00:01:06 (1226 turns).

Ethylacetat the Ducker (Octopode Gladiator)         Turns: 1226, Time: 00:01:07

Health: -8/25      AC:  1    Str: 13    XL:     3   Next: 81%
Magic:  3/3        EV: 14    Int: 10    God:
Gold:   105        SH:  0    Dex: 15    Spells: 2/2 levels left

rFire   . . .        a - +0 rapier
rCold   . . .        (no shield)
rNeg    . . .        b - +0 hat
rPois   .            (no amulet)
rElec   .            (no ring)
rCorr   .            (no ring)
SInv    .            (no ring)
Will    .....        (no ring)
Stlth   +++          (no ring)
HPRegen 0.24/turn    (no ring)
MPRegen 0.08/turn    (no ring)
                     (no ring)

%: no passive effects
@: no status effects
A: almost no armour, amphibious, 8 rings, camouflage 1, gelatinous body 1,
(nimble swimmer 1), tentacles
a: no special abilities


You were on level 2 of the Dungeon.
You visited 1 branch of the dungeon, and saw 3 of its levels.

You collected 105 gold pieces.

Inventory:

Hand Weapons
 a - a +0 rapier (weapon)
Missiles
 c - 3 throwing nets (quivered)
 d - a javelin
Armour
 b - a +0 hat (worn)
Jewellery
 j - a +6 ring of intelligence
Scrolls
 e - a scroll of revelation {unknown}
 f - a scroll of teleportation {unknown}
 i - a scroll of noise {unknown}
 k - a scroll of fear {unknown}
Potions
 g - 3 potions of berserk rage {unknown}
 h - a potion of heal wounds {unknown}


   Skills:
 + Level 2.9 Fighting
 - Level 3.0 Short Blades
 - Level 2.0 Throwing
 + Level 3.5 Dodging
 + Level 2.5 Stealth


You had 2 spell levels left.
You didn't know any spells.
Your spell library contained the following spells:

 Spells                   Type           Power      Damage    Failure   Level
 Freeze                   Ice            0%         1d3       36%         1
 Frozen Ramparts          Ice            0%         1d1       75%         3
 Hailstorm                Conj/Ice       0%         3d3       75%         3


Dungeon Overview and Level Annotations

Branches:
Dungeon (3/15)

Altars:


Innate Abilities, Weirdness & Mutations

You cannot wear most types of armour.
You are amphibious.
You can wear up to eight rings at the same time.
Your skin changes colour to match your surroundings (Stealth+).
Your rubbery body absorbs attacks. (AC +1, EV +1)
((You are camouflaged when in or above water. (Stealth+)))
You have tentacles for arms and can constrict up to eight enemies at once.


Message History

There is an escape hatch in the floor here.
k - a scroll labelled FIARE ETEDI No target in view!
An endoplasm comes into view.
An endoplasm is nearby!
An endoplasm is nearby!
An endoplasm is nearby!
The helpless endoplasm fails to defend itself.
You puncture the endoplasm!
You kill the endoplasm!
A gnoll comes into view. It is wielding a +0 halberd.
The gnoll shouts!
You hear a shout!
A gnoll comes into view. It is wielding a +0 spear.
A gnoll comes into view. It is wielding a +0 halberd.
The gnoll shouts!
A gnoll comes into view. It is wielding a +0 club.
There are monsters nearby!
The gnoll hits you with a +0 halberd.
The gnoll hits you from afar with a +0 spear.
There are monsters nearby!
You barely miss the gnoll. You grab the gnoll. You squeeze the gnoll.
The gnoll is lightly wounded.
You constrict the gnoll. The gnoll closely misses you.
There are monsters nearby!
You hit the gnoll but do no damage.
The gnoll is moderately wounded.
You constrict the gnoll, but do no damage.
The gnoll closely misses you.
You barely miss the gnoll.
The gnoll is moderately wounded.
You constrict the gnoll. The gnoll hits you with a +0 halberd!
Ouch! That really hurt!
* * * LOW HITPOINT WARNING * * *
The gnoll closely misses you.
You are too injured to fight recklessly!
You are too injured to fight recklessly!
You hit the gnoll. You squeeze the gnoll.
You kill the gnoll!
The gnoll hits you from afar with a +0 halberd!
You die...

.... #.# #. . ###.
#.# #. .## #. #.#
#. ..# #<# #. #g#
#.# #. #g# #.# #.
#g# #.# #.###. #)#
#.# #.#... #@# #.#
#.#..# #.# #.#
#....# #.# #.#
###..# #.# #.#
#.#. #.#
##.#####... #.#
#........##
#.######..#####.##
#.........# #.##
#########.# #.##


You could see 3 gnolls.

Vanquished Creatures
  A gnoll (D:2)
  A worm (D:2)
  5 ball pythons
  8 endoplasms
  A giant cockroach (D:1)
  4 goblins (D:1)
  2 hobgoblins (D:1)
  5 jackals (D:1)
  4 quokkas
  4 bats (D:1)
  4 frilled lizards
  3 kobolds (D:1)
  A rat (D:2)
43 creatures vanquished.

Notes
Turn   | Place    | Note
-------+----------+-------------------------------------------
     0 | D:1      | Ethylacetat the Octopode Gladiator began the quest for the
                  | Orb.
     0 | D:1      | Reached XP level 1. HP: 14/14 MP: 1/1
    85 | D:1      | Reached skill level 1 in Stealth
    87 | D:1      | Reached XP level 2. HP: 12/19 MP: 2/2
   289 | D:1      | Reached XP level 3. HP: 25/25 MP: 3/3
   917 | D:2      | You fall into a shaft and drop 1 floor!
  1226 | D:2      | Mangled by a gnoll

Illustrated notes

Levels and vault maps discovered:
D:1:      minmay_arrival_pointy, layout_loops_cross
D:2:      cheibrodos_pilgrimage, layout_loops_ring, basic_altar, st_stairs_6,
          uniq_jessica
D:3:      layout_basic, uniq_grinder, uniq_robin

Skill      XL: |  1  2  3 |
---------------+----------+-----
Stealth        | 1 2 |  2.5
Fighting       | |  2.9
Short Blades   | |  3.0
Throwing       | |  2.0
Dodging        | |  3.5

Action                     || total
---------------------------++-------
  Melee: Rapier            ||    73
         Tentacles         ||    15
         Constrict         ||    11
   Stab: Sleeping          ||    19
 Armour: Skin              ||     1
  Dodge: Dodged            ||    34

Table legend: (Time is in decaauts)
 A = Elapsed time spent in this place.
 B = Non-inter-level travel time spent in this place.
 C = Inter-level travel time spent in this place.
 D = Time resting spent in this place.
 E = Time spent auto-exploring this place.
 F = Levels seen in this place.
 G = Mean time per level.
                   A        B        C        D        E       F      G
               +--------+--------+--------+--------+--------+-----+--------+
         Total |   1228 |   1203 |     25 |      0 |    951 |   3 |  409.3 |
       Dungeon |   1228 |   1203 |     25 |      0 |    951 |   3 |  409.3 |
               +--------+--------+--------+--------+--------+-----+--------+

Top non-repeatable levels by time:
     D:1: 751 daAuts
     D:2: 437 daAuts
     D:3: 39 daAuts
